cohdb
Replays
Latest Replays
All Replays
Popular Replays
Top Player Replays
Match Explorer
How It Works
Community
CoH3 Stats
Reddit
Sign in to upload your games and track your stats! →
Sign in with Steam
Match 43382859
Unlisted
Match 43382859
Overview
Messages
Build Orders
End
Construct Barracks
Selects Advanced Infantry Battlegroup
1⁄4-ton 4x4 Truck
Riflemen Squad
Riflemen Squad
M1 Mortar Team
Mechanized Support Center
Selects Convert to Ranger Squad
Convert to Ranger Squad
Construct Weapon Support Center
M3 Armored Personnel Carrier
M1919 Machine Gun Team
Selects Frontline Medical Station
Frontline Medical Station
Selects Ammunition Storage
Selects Artillery Observers
M3 Armored Personnel Carrier
PINGWIN
Snitch
BPM
Sir Charles
[82AD] PaulVmax
jenscher89
redcross90
Mace
0
0
Comments
sign in to comment!
No comments posted yet!